 Dungeon Crawl Stone Soup version 0.27-a0-836-gfc908b8576 (webtiles) character file.

Game seed: 18111389069627548321

30 Alarkh the Insei (level 3, 29/29 HPs)
             Began as a Demonspawn Monk on Apr 1, 2021.
             Got out of the dungeon alive.
             The game lasted 00:01:11 (992 turns).

Alarkh the Insei (Demonspawn Monk)                   Turns: 992, Time: 00:01:11

Health: 29/29      AC:  2    Str: 11    XL:     3   Next: 3%
Magic:  3/3        EV: 12    Int: 12    God:
Gold:   33         SH:  0    Dex: 15    Spells: 2/2 levels left

rFire    . . .     SeeInvis .     - Unarmed
rCold    . . .     Faith    .   (no shield)
rNeg     . . .     Spirit   .   a - +0 robe
rPois    .         Reflect  .   (helmet restricted)
rElec    .         Harm     .   (no cloak)
rCorr    .         Rampage  .   (no gloves)
Will     .....                  (no boots)
Stlth    ++........             (no amulet)
HPRegen  0.09/turn              (no ring)
MPRegen  0.08/turn              (no ring)

@: no status effects
A: antennae 1, ignite blood 1
a: no special abilities


You escaped.
You visited 1 branch of the dungeon, and saw 2 of its levels.

You collected 33 gold pieces.

Inventory:

Armour
 a - a +0 robe (worn)
Jewellery
 h - a ring of ice
Scrolls
 b - a scroll of teleportation {unknown}
 c - 2 scrolls of identify {unknown}
 e - a scroll of vulnerability {unknown}
 f - a scroll of enchant armour {unknown}
Potions
 d - a potion of brilliance {unknown}
 g - a potion of attraction {unknown}
 i - 2 potions of curing {unknown}


   Skills:
 + Level 3.4 Fighting
 - Level 2.6 Dodging
 - Level 1.7 Stealth
 * Level 3.5 Unarmed Combat


You had 2 spell levels left.
You didn't know any spells.
Your spell library was empty.

Dungeon Overview and Level Annotations

Branches:
Dungeon (2/15)

Altars:

Shops:
D:1 *


Innate Abilities, Weirdness & Mutations

You have a pair of small antennae on your head.
Your demonic aura sometimes causes spilled blood to erupt in flames


Message History

The ball python barely misses you. The ball python constricts you.
You hit the ball python.
You kill the ball python!
You have reached level 3!
Your experience leads to an increase in your attributes!
Increase (S)trength, (I)ntelligence, or (D)exterity?
You feel clever.
Your demonic ancestry asserts itself...
A pair of antennae grows on your head!
Saving game... please wait.
Welcome back, Alarkh the Demonspawn Monk.
Press ? for a list of commands and other information.
Nothing quivered!
You see here a +0 robe.
HP restored.
The endoplasm quivers.
An endoplasm is nearby!
An endoplasm is nearby!
The endoplasm closely misses you.
You hit the endoplasm.
The endoplasm is lightly wounded.
You hit the endoplasm.
The endoplasm is almost dead.
The endoplasm hits you.
You hit the endoplasm.
You kill the endoplasm!
No target in view!
No target in view!
No target in view!
No target in view!
No target in view!
No target in view!
No target in view!
No target in view!
No target in view!
There is an entrance to Nidgh's General Store here.
There is an open door here.
There is an open door here.
There is a staircase leading out of the dungeon here.
Are you sure you want to leave the Dungeon?
This will make you lose the game!
You have escaped!

............########
#.#........ .####.##.[###
#.##.....[. .# #.##.###
#.###.....# .#
#......############.........#
.#
###.##.......†.....#.........
##
####.####........##...######..
##....# #.+++'''.##.∩.# ###
#..#######.+....+......# #
##.#........+..@.+.#..#.#
#..#.#####..+....+.#....#
#....# ##.+....+.#.#### ######
#.++++++.#.# #........#.#
#######.##.## #.##..# #.###.#
##.##..#


There were no monsters in sight!

Vanquished Creatures
  A dart slug (D:1)
  5 ball pythons
  2 bats
  3 endoplasms
  A giant cockroach (D:1)
  3 hobgoblins (D:1)
  3 kobolds (D:1)
  3 frilled lizards
  A goblin (D:1)
  4 rats (D:1)
26 creatures vanquished.

Notes
Turn   | Place    | Note
-------+----------+-------------------------------------------
     0 | D:1      | Alarkh the Demonspawn Monk began the quest for the Orb.
     0 | D:1      | Reached XP level 1. HP: 18/18 MP: 1/1
   245 | D:1      | Gained mutation: Your demonic aura sometimes causes spilled
                  | blood to erupt in flames [demonic ancestry]
   245 | D:1      | Reached XP level 2. HP: 15/24 MP: 2/2
   525 | D:1      | You fall into a shaft and drop 1 floor!
   837 | D:1      | Found Nidgh's General Store.
   912 | D:1      | Gained mutation: You have a pair of small antennae on your
                  | head. [demonic ancestry]
   912 | D:1      | Reached XP level 3. HP: 24/29 MP: 3/3
   992 | D:$      | Got out of the dungeon alive.

Illustrated notes

Levels and vault maps discovered:
D:1:      lightli_arrival_maybe_door_vault, layout_rooms, serial_shops,
          nicolae_shop_stone
D:2:      layout_loops_ring, chequers_ecumenical_altar_lobes, serial_shops,
          nicolae_shop_waterfront, minmay_misc_feat_roman

Skill      XL: |  1 |
---------------+----+-----
Unarmed Combat | 3 |  3.5
Fighting       | |  3.4
Dodging        | |  2.6
Stealth        | |  1.7

Action                   || total
-------------------------++-------
Melee: Unarmed           ||    93
       Punch             ||     2
 Stab: Sleeping          ||     3
Armor: Robe              ||    17
Dodge: Dodged            ||    53

Table legend: (Time is in decaauts)
 A = Elapsed time spent in this place.
 B = Non-inter-level travel time spent in this place.
 C = Inter-level travel time spent in this place.
 D = Time resting spent in this place.
 E = Time spent auto-exploring this place.
 F = Levels seen in this place.
 G = Mean time per level.
                   A        B        C        D        E       F      G
               +--------+--------+--------+--------+--------+-----+--------+
         Total |    987 |    943 |     44 |    331 |    429 |   2 |  493.5 |
       Dungeon |    987 |    943 |     44 |    331 |    429 |   2 |  493.5 |
               +--------+--------+--------+--------+--------+-----+--------+

Top non-repeatable levels by time:
     D:1: 816 daAuts
     D:2: 171 daAuts
